 Dungeon Crawl Stone Soup version 0.30-a0-758-gc2c871d025 (webtiles) character file.

Game seed: 16539808154238705991

1043 DEFE the Magician (level 8, -3/50 HPs)
             Began as a Djinni Wanderer on Feb 10, 2023.
             Killed from afar by an orc wizard (6 damage)
             ... with a magic dart
             ... on level 6 of the Dungeon.
             The game lasted 00:07:33 (6327 turns).

DEFE the Magician (Djinni Wanderer)                 Turns: 6327, Time: 00:07:33

Health: -3/50      AC:  3    Str:  9      XL:     8   Next: 49%
Gold:   161        EV: 11    Int: 18      God:
                   SH:  0    Dex: 12 (13)

rFire   + + .      SeeInvis .    o - +4 rapier (venom)
rCold   x . .      Faith    .    (no shield)
rNeg    . . .      Spirit   .    c - +0 robe
rPois   ∞          Reflect  .    i - +0 helmet
rElec   .          Harm     .    (no cloak)
rCorr   .          Rampage  .    (no gloves)
Will    .....                    (boots unavailable)
Stlth   +                        (no amulet)
HPRegen 0.28/turn                (no ring)
MPRegen 0.00/turn                (no ring)

@: flying
A: sickness immunity, fire resistance 2, cold vulnerability 1, float, innate
caster, HP casting, extra vitality 1
a: no special abilities


You were on level 6 of the Dungeon.
You visited 1 branch of the dungeon, and saw 6 of its levels.

You collected 161 gold pieces.

Inventory:

Hand Weapons
 a - a +0 dagger
 b - a +2 rapier of draining
 o - a +4 rapier of venom (weapon)
Armour
 c - a +0 robe (worn)
 i - a +0 helmet (worn)
Magical Staves
 l - a staff of poison
Jewellery
 e - a ring of willpower
Wands
 d - a wand of polymorph (2)
 k - a wand of flame (23)
Scrolls
 f - 2 scrolls of identify
 g - a scroll of amnesia
 h - 2 scrolls of teleportation
Potions
 j - a potion of magic
 n - a potion of flight {unknown}


   Skills:
 - Level 1.0 Throwing
 - Level 1.1 Dodging
 + Level 7.6 Spellcasting
 - Level 1.0 Invocations
 - Level 3.0 Evocations


You had 3 spell levels left.
You knew the following spells:

 Your Spells              Type           Power      Damage    Failure   Level
a - Freeze                Ice            100%       1d10      1%          1
b - Summon Ice Beast      Ice/Summ       34%        N/A       4%          4
c - Ice Form              Ice/Tmut       34%        N/A       4%          4
d - Portal Projectile     Hex/Tloc       68%        N/A       1%          3
e - Slow                  Hex            100%       N/A       1%          1
f - Sandblast             Erth           68%        2d15      1%          1
g - Momentum Strike       Conj/Tloc      68%        3d9       1%          2
h - Frozen Ramparts       Ice            68%        1d11      1%          3

Your spell library contained the following spells:

 Spells                   Type           Power      Damage    Failure   Level


Dungeon Overview and Level Annotations

Branches:
Dungeon (7/15)
 Temple: D:4-7

Altars:
Dithmenos
Elyvilon
Fedhas
Nemelex Xobeh
Qazlal
Zin
The Shining One

Shops:
D:6 *=(

Annotations:
D:4 Dowan, Duvessa


Innate Abilities, Weirdness & Mutations

You are immune to sickness and miasma.
You are immune to poison.
Your flesh is very heat resistant. (rF++)
You are vulnerable to cold. (rC-)
You float through the air rather than walking.
You learn spells naturally, not from books.
Your magical power is your life essence.
You have superior vitality. (+4 MHP)


Message History

You take 3 damage, and have 13/50 hp.
Unknown command.
Aim: an orc warrior, wielding a +0 battleaxe and wearing a +0 chain mail (almost dead, very poisoned, 68% to hit)
The puff of flame hits the orc warrior!
You kill the orc warrior!
Unknown command.
Aim: an orc, wielding a +0 falchion and quivering boomerangs of dispersal (severely wounded, 71% to hit)
Unknown command.
You hear some strange, mumbled words.
A puff of flame appears from out of thin air!
The puff of flame hits you. You resist.
* * * LOW HITPOINT WARNING * * *
You take 3 damage, and have 11/50 hp.
The puff of flame hits something.
Unknown command.
Unknown command.
The orc throws a boomerang of dispersal.
The boomerang of dispersal hits you but does no damage.
Unknown command.
Unknown command.
You hear some strange, mumbled words.
Something tries to affect you, but you resist.
Unknown command.
Unknown command.
The orc throws a boomerang of dispersal.
The boomerang of dispersal barely misses you.
Unknown command.
The ufetubus attacks as you move away! The ufetubus completely misses you.
The ufetubus hits you.
* * * LOW HITPOINT WARNING * * *
A magic dart appears from out of thin air!
The magic dart hits you.
* * * LOW HITPOINT WARNING * * *
The ufetubus hits you.
* * * LOW HITPOINT WARNING * * *
The ufetubus hits you.
* * * LOW HITPOINT WARNING * * *
A magic dart appears from out of thin air!
The magic dart hits you.
You die...

. .# ♣♣♣♣♣♣♣♣♣ . ..# ##
♣.......♣ .#...
..#####♣.∩.⌠.∩.♣###.#.#
..............5...#...#
..≈≈≈≈≈≈≈≈≈≈≈≈≈≈@≈≈≈≈#
#.≈≈≈≈≈≈≈≈≈≈≈≈≈≈≈≈≈≈≈#
##
+.....).....o{....####
##. #.....#♣.⌠.∩.⌠.♣#[#
##..
#.....#♣.......♣#.#
#..#
#.....#♣♣♣♣♣♣♣♣♣#.#
#... #.....# ###.# #.##
#...... #...# ##.#
#.###... #...#
########..#


You could see an orc and an ufetubus.

Vanquished Creatures
  Sigmund (D:6)
  Eustachio (D:6)
  A fire bat (D:6)
  A sky beast (D:6)
  An orc warrior (D:6)
  A scorpion (D:4)
  A howler monkey (D:4)
  2 orc priests
  2 iguanas
  An orc wizard (D:6)
  Robin (D:3)
  6 adders
  A worm (D:2)
  13 orcs
  9 endoplasms
  7 giant cockroaches
  11 goblins
  7 hobgoblins
  2 jackals (D:2)
  3 quokkas
  10 ball pythons
  6 bats
  4 frilled lizards
  7 kobolds
  8 rats
107 creatures vanquished.

Vanquished Creatures (collateral kills)
  4 goblins (D:3)
4 creatures vanquished.

Vanquished Creatures (others)
  62 plants (D:4)
62 creatures vanquished.

Grand Total: 173 creatures vanquished

Notes
Turn   | Place    | Note
-------+----------+-------------------------------------------
     0 | D:1      | DEFE the Djinni Wanderer began the quest for the Orb.
     0 | D:1      | DEFE set off with the following items: a +0 dagger, a
                  | scroll of summoning, a +0 robe, a wand of polymorph (4)the
                  | following spells memorised: Freeze, Summon Ice Beast, Ice
                  | Form, Portal Projectile, Slow.
     0 | D:1      | Reached XP level 1. HP: 15/15 MP: 0/0
    95 | D:1      | Found a faded altar of an unknown god.
   142 | D:1      | Reached XP level 2. HP: 15/21 MP: 0/0
   347 | D:1      | Reached skill level 3 in Spellcasting
   554 | D:1      | Reached XP level 3. HP: 23/25 MP: 0/0
   554 | D:1      | Learned a level 1 spell: Sandblast
   802 | D:2      | HP: 1/25 [jackal (3)]
  1336 | D:2      | Found a blossoming altar of Fedhas.
  1538 | D:2      | Reached XP level 4. HP: 25/31 MP: 0/0
  2262 | D:3      | Reached skill level 4 in Spellcasting
  2409 | D:3      | Found a faded altar of an unknown god.
  2723 | D:3      | Reached XP level 5. HP: 25/35 MP: 0/0
  2723 | D:3      | Learned a level 2 spell: Momentum Strike
  3322 | D:3      | Noticed Robin
  3352 | D:3      | Killed Robin
  3352 | D:3      | HP: 2/52 [goblin/+0 dagger[Robin] (3)]
  3507 | D:3      | Reached XP level 6. HP: 40/40 MP: 0/0
  3562 | D:3      | Found a shadowy altar of Dithmenos.
  3899 | D:4      | Noticed Duvessa
  3899 | D:4      | Noticed Dowan
  4412 | D:4      | Reached skill level 5 in Spellcasting
  4998 | D:4      | Found a stormy altar of Qazlal.
  5076 | D:4      | You are sucked into a shaft and drop 3 floors!
  5236 | D:7      | Reached XP level 7. HP: 31/45 MP: 0/0
  5236 | D:7      | Learned a level 3 spell: Frozen Ramparts
  5430 | D:7      | Found a glowing silver altar of Zin.
  5430 | D:7      | Found a white marble altar of Elyvilon.
  5431 | D:7      | Found a glowing golden altar of the Shining One.
  5602 | D:6      | Noticed Sigmund
  5613 | D:6      | Killed Sigmund
  5614 | D:6      | Reached skill level 6 in Spellcasting
  5930 | D:6      | Noticed Eustachio
  5940 | D:6      | an ice beast changed into a fire bat
  5940 | D:6      | Noticed a fire bat
  5943 | D:6      | Killed a fire bat
  5944 | D:6      | Reached skill level 7 in Spellcasting
  5944 | D:6      | Reached XP level 8. HP: 27/50 MP: 0/0
  6027 | D:6      | Found Dom Coh's Weapon Shoppe.
  6058 | D:6      | Killed Eustachio
  6270 | D:6      | Found Unlah's Jewellery Shop.
  6271 | D:6      | Found Ufurghan's General Store.
  6298 | D:6      | Found a sparkling altar of Nemelex Xobeh.
  6314 | D:6      | HP: 1/50 [ufetubus (3)]
  6327 | D:6      | Killed from afar by an orc wizard

Illustrated notes

Levels and vault maps discovered:
D:1:      psy_arrival_spokes, layout_rooms, ebering_ecumenical_altar_rust
D:2:      minmay_chambers_of_ones, layout_loops_ring, basic_altar
D:3:      layout_loops_ring, nicolae_overflow_ecumenical_swirl,
          fiery_altar_vehumet, wad_orctagon, uniq_robin
D:4:      layout_loops_ring, grunt_qazlal_sundering, lemuel_doored_altar,
          serial_bayou, serial_bayou_shore_a, serial_bayou_ford_a,
          serial_bayou_pond_c, serial_bayou_lagoon_a, serial_bayou_pond_c,
          uniq_duvessa
D:6:      layout_basic, nemelex_xobeh_ov_fountains_minmay,
          nicolae_wooded_promenade, minmay_misc_feat_doors, corner_web_ring,
          minmay_misc_feat_enclosed, grunt_potential, uniq_eustachio,
          uniq_sigmund
D:7:      layout_loops_cross, good_gods_temple_1, nicolae_ru_awakened_eye,
          minmay_temple_entry_slanted, uniq_prince_ribbit1

Skill      XL: |  1  2  3  4  5  6  7 |
---------------+----------------------+-----
Spellcasting   | 3 4 5 7 |  7.6
Throwing       | |  1.0
Dodging        | |  1.1
Invocations    | |  1.0
Evocations     | |  3.0

Action                     |  1- 3 |  4- 6 |  7- 9 || total
---------------------------+-------+-------+-------++-------
  Melee: Dagger            |   211 |   230 |     1 ||   442
         Punch             |     3 |     2 |       ||     5
         Unarmed           |     2 |       |       ||     2
         Rapier            |       |       |    31 ||    31
   Cast: Freeze            |    13 |    61 |       ||    74
         Frozen Ramparts   |       |       |     7 ||     7
  Evoke: Wand              |       |       |     6 ||     6
    Use: Scroll            |     3 |     2 |     6 ||    11
         Potion            |     2 |     3 |     2 ||     7
   Stab: Sleeping          |     2 |     2 |     1 ||     5
 Armour: Robe              |    67 |    80 |    11 ||   158
         Skin              |     9 |       |       ||     9
  Dodge: Dodged            |   134 |   157 |    46 ||   337

Table legend: (Time is in decaauts)
 A = Elapsed time spent in this place.
 B = Non-inter-level travel time spent in this place.
 C = Inter-level travel time spent in this place.
 D = Time resting spent in this place.
 E = Time spent auto-exploring this place.
 F = Levels seen in this place.
 G = Mean time per level.
                   A        B        C        D        E       F      G
               +--------+--------+--------+--------+--------+-----+--------+
         Total |   6339 |   6208 |    131 |   2693 |   2371 |   6 | 1056.5 |
       Dungeon |   6339 |   6208 |    131 |   2693 |   2371 |   6 | 1056.5 |
               +--------+--------+--------+--------+--------+-----+--------+

Top non-repeatable levels by time:
     D:3: 1933 daAuts
     D:2: 1318 daAuts
     D:4: 979 daAuts
     D:6: 883 daAuts
     D:1: 852 daAuts
     D:7: 372 daAuts
